 Dungeon Crawl Stone Soup version 0.30.1-11-g7821555f0a (webtiles) character file.

Game seed: 1921734599046407873

665 Martska the Trooper (level 7, 0/57 HPs)
             Began as a Demonspawn Fighter on Dec 14, 2023.
             Slain by Blork the orc
             ... wielding a +0 flail
              (9 damage)
             ... on level 5 of the Dungeon.
             The game lasted 00:03:29 (3511 turns).

Martska the Trooper (Demonspawn Fighter)            Turns: 3511, Time: 00:03:29

Health: 0/57       AC:  9    Str: 19    XL:     7   Next: 31%
Magic:  7/7        EV: 11    Int:  9    God:
Gold:   244        SH:  5    Dex: 12    Spells: 6/6 levels left

rFire   . . .        a - +0 war axe
rCold   . . .        c - +0 buckler
rNeg    . . .        b - +0 scale mail
rPois   .            (no helmet)
rElec   .            (no cloak)
rCorr   .            (no gloves)
SInv    .            r - +0 pair of boots
Will    .....        p - amulet of the acrobat Stlth
                     (no ring)
HPRegen 0.29/turn    (no ring)
MPRegen 0.10/turn

%: acrobat
@: no status effects
A: rugged brown scales 1, spiny 1, demonic magic 1, sturdy frame 1
a: no special abilities


You were on level 5 of the Dungeon.
You visited 1 branch of the dungeon, and saw 5 of its levels.

You collected 244 gold pieces.

Inventory:

Hand Weapons
 a - a +0 war axe (weapon)
Armour
 b - a +0 scale mail (worn)
 c - a +0 buckler (worn)
 r - a +0 pair of boots (worn)
Jewellery
 h - a ring of ice
 p - an amulet of the acrobat (around neck)
 u - a +5 ring of evasion
Wands
 l - a wand of polymorph (13)
Scrolls
 d - a scroll of torment {unknown}
 i - 6 scrolls of identify {unknown}
 j - 2 scrolls of teleportation {unknown}
 k - 2 scrolls of noise {unknown}
 n - 2 scrolls of magic mapping {unknown}
 o - a scroll of enchant weapon {unknown}
 q - a scroll of amnesia {unknown}
 t - 3 scrolls of enchant armour {unknown}
 v - 2 scrolls of immolation {unknown}
Potions
 e - a potion of magic {unknown}
 f - a potion of mutation
 g - a potion of lignification {unknown}
 m - a potion of ambrosia {unknown}
 s - a potion of haste {unknown}
 w - a potion of attraction {unknown}


   Skills:
 * Level 5.4 Fighting
 - Level 1.7 Axes
 + Level 3.9 Armour
 * Level 4.1 Dodging
 + Level 3.9 Shields


You had 6 spell levels left.
You didn't know any spells.
Your spell library contained the following spells:

 Spells                   Type           Power      Damage    Failure   Level
 Slow                     Hex            0%         N/A       69%         1
 Cigotuvi's Dreadful Rot  Necr/Pois/Air  0%         N/A       83%         2
 Confusing Touch          Hex            0%         N/A       96%         3
 Ignite Poison            Fire/Tmut/Pois 0%         N/A       96%         3
 Ozocubu's Armour         Ice            0%         N/A       96%         3
 Vampiric Draining        Necr           0%         2d6       96%         3
 Freezing Cloud           Conj/Ice/Air   0%         6-21      100%        5
 Metabolic Englaciation   Hex/Ice        0%         N/A       100%        5
 Simulacrum               Ice/Necr       0%         N/A       100%        6


Dungeon Overview and Level Annotations

Branches:
Dungeon (5/15)
 Temple: D:4-7

Altars:

Shops:
D:3 *

Annotations:
D:5 Blork the orc, Edmund


Innate Abilities, Weirdness & Mutations

You are partially covered in rugged brown scales. (AC +1, +3% HP)
You are partially covered in sharp spines.
Spells you cast may paralyse adjacent enemies.
Your movements are slightly less encumbered by armour. (ER -2)


Message History

Blork the orc mumbles some strange words.
Blork the orc seems to speed up.
Edmund completely misses you.
You barely miss Edmund.
Blork the orc looks braver for a moment.
Edmund is struck by your spines. Edmund hits you with a +0 heavy flail!
You hit Edmund but do no damage.
Edmund is lightly wounded.
Edmund says, "You wouldn't believe how much I paid for this flail."
Edmund is struck by your spines. Edmund barely misses you.
You hit Edmund but do no damage.
Edmund is lightly wounded.
You block Edmund's attack.
You slash Edmund!
Edmund is moderately wounded.
Blork the orc gestures at you while chanting.
The magic dart hits you but does no damage.
Blork the orc gestures at you while chanting.
The puff of frost hits you! Edmund hits you with a +0 heavy flail!
Blork the orc screams, "I'll break your arms!"
You are too injured to fight recklessly!
You hit Edmund but do no damage.
Edmund is moderately wounded.
You closely miss Blork the orc. Blork the orc completely misses you.
Blork the orc is struck by your spines.
Blork the orc hits you but does no damage.
Edmund is struck by your spines. Edmund barely misses you.
You slash Edmund!
Edmund is severely wounded.
You hit Blork the orc but do no damage. Blork the orc is struck by your spines.
Blork the orc hits you but does no damage.
Blork the orc casts a spell at you. The puff of flame hits you!
* * * LOW HITPOINT WARNING * * *
Edmund misses you.
You slash Edmund!
Edmund is almost dead.
You closely miss Blork the orc. Blork the orc hits you with a +0 flail!
* * * LOW HITPOINT WARNING * * *
Blork the orc is struck by your spines. Blork the orc hits you with a +0 flail!
You die...

#... ##.# ..?..#####.>##
.##.......##...#
.....###........#
###.......#.......#
..........#......#
...............(.###
......#............#.#.#
......###.......@o......
##.....##........@......
........#...............
...##...............###.
..###.###............#
### ### ###..........#
##....#(.... .
#.......>... .. ..###.


You could see Edmund and Blork the orc (fast).

Vanquished Creatures
  Sigmund (D:3)
  Menkaure (D:4)
  A jelly (D:4)
  An orc priest (D:3)
  Natasha (twice) (D:3)
  Terence (D:3)
  2 sleepcaps
  An orc wizard (D:3)
  7 adders
  3 gnolls (D:4)
  An ufetubus (D:4)
  3 dart slugs
  An orc (D:3)
  2 bats (D:3)
  3 endoplasms
  3 giant cockroaches (D:4)
  3 goblins
  9 hobgoblins
  4 jackals
  9 kobolds
  4 quokkas
  8 ball pythons
  A frilled lizard (D:2)
  4 rats
75 creatures vanquished.

Notes
Turn   | Place    | Note
-------+----------+-------------------------------------------
     0 | D:1      | Martska the Demonspawn Fighter began the quest for the Orb.
     0 | D:1      | Reached XP level 1. HP: 18/18 MP: 1/1
   571 | D:1      | Gained mutation: You are partially covered in sharp spines.
                  | [demonic ancestry]
   571 | D:1      | Reached XP level 2. HP: 24/24 MP: 2/2
   581 | D:1      | Found a faded altar of an unknown god.
   781 | D:1      | Reached skill level 1 in Dodging
  1017 | D:2      | Reached XP level 3. HP: 29/29 MP: 3/3
  1354 | D:2      | Reached XP level 4. HP: 31/37 MP: 4/4
  1491 | D:3      | Noticed Sigmund
  1509 | D:3      | Killed Sigmund
  1510 | D:3      | Reached skill level 4 in Fighting
  1510 | D:3      | Gained mutation: You are partially covered in rugged brown
                  | scales. (AC +1, +3% HP) [demonic ancestry]
  1510 | D:3      | Reached XP level 5. HP: 5/44 MP: 5/5
  1681 | D:3      | Noticed Terence
  1691 | D:3      | Reached XP level 6. HP: 26/50 MP: 6/6
  1692 | D:3      | Killed Terence
  1779 | D:3      | Noticed Natasha
  1787 | D:3      | Killed Natasha
  1853 | D:3      | Found Bymaty's Assorted Antiques.
  1986 | D:3      | Noticed Natasha
  1991 | D:3      | Killed Natasha
  2572 | D:4      | Reached skill level 5 in Fighting
  2934 | D:4      | Gained mutation: Spells you cast may paralyse adjacent
                  | enemies. [demonic ancestry]
  2934 | D:4      | Reached XP level 7. HP: 57/57 MP: 7/7
  2984 | D:4      | Noticed Menkaure
  2989 | D:4      | HP: 1/57 [Menkaure/nerve-wracking pain (8)]
  2990 | D:4      | Gained mutation: Your movements are slightly less
                  | encumbered by armour. (ER -2) [potion of mutation]
  2990 | D:4      | Gained mutation: You are weak. (Str -2) [potion of
                  | mutation]
  2990 | D:4      | Lost mutation: You are weak. (Str -2) [potion of mutation]
  2997 | D:4      | Killed Menkaure
  3475 | D:5      | Entered Level 5 of the Dungeon
  3501 | D:5      | Noticed Edmund
  3503 | D:5      | Noticed Blork the orc
  3511 | D:5      | Slain by Blork the orc

Illustrated notes

Levels and vault maps discovered:
D:1:      tarquinn_simple_flora_water_b, layout_loops_corners,
          shapermc_ecumenical_altar_flowoftime
D:2:      layout_rooms
D:3:      layout_rooms, serial_shops, shop, uniq_sigmund, uniq_natasha,
          uniq_terence
D:4:      layout_loops_corners, minmay_close_crescents, uniq_menkaure
D:5:      layout_cave_pools, nicolae_vehumet_radiance,
          chequers_serial_rivers_marsh, uniq_duvessa, uniq_blork_the_orc,
          uniq_crazy_yiuf_cottage, uniq_ijyb, uniq_edmund

Skill      XL: |  1  2  3  4  5  6  7 |
---------------+----------------------+-----
Dodging        | 1 2 3 4 |  4.1
Shields        | 3 |  3.9
Armour         | 3 |  3.9
Fighting       | 4 5 |  5.4
Axes           | |  1.7

Action                     |  1- 3 |  4- 6 |  7- 9 || total
---------------------------+-------+-------+-------++-------
  Melee: War axe           |    68 |    80 |    27 ||   175
    Use: Potion            |       |     1 |     4 ||     5
 Armour: Scale mail        |    30 |    21 |     9 ||    60
  Dodge: Dodged            |    29 |    41 |    16 ||    86
  Block: Buckler           |    15 |    27 |     4 ||    46
